 Dungeon Crawl Stone Soup version 0.22-a0-422-g9628fc8 (webtiles) character file.

288 iamserjio the Magician (level 6, -2/41 HPs)
             Began as a Mummy Earth Elementalist on May 16, 2018.
             Slain by an orc priest
             ... wielding a +0 flail
              (5 damage)
             ... on level 3 of the Dungeon.
             The game lasted 00:03:51 (2741 turns).

iamserjio the Magician (Mummy Earth Elementalist)   Turns: 2741, Time: 00:03:52

Health: -2/41      AC:  5    Str: 15    XL:     6   Next: 9%
Magic:  8/13       EV: 12    Int: 16    God:
Gold:   86         SH:  0    Dex: 12    Spells: 10/14 levels left

rFire    x . .     SeeInvis .   d - +0 short sword
rCold    + . .     Gourm    .   (no shield)
rNeg     + + +     Faith    .   c - +0 robe
rPois    ∞         Spirit   .   (no helmet)
rElec    .         Reflect  .   (no cloak)
rCorr    .         Harm     .   i - +1 pair of gloves
MR       .....                  k - +0 pair of boots
Stlth    ++........             (no amulet)
HPRegen  0.13/turn              j - +3 ring of strength
MPRegen  0.13/turn              (no ring)

@: no status effects
A: no food or potions, fire vulnerability, cold resistance 1, negative energy
resistance 3, torment resistance, unbreathing
a: no special abilities


You were on level 3 of the Dungeon.
You were not hungry.

You visited 1 branch of the dungeon, and saw 3 of its levels.

You collected 86 gold pieces.

Inventory:

Hand Weapons
 a - a +0 club
 d - a +0 short sword (weapon)
Missiles
 b - 99 stones (quivered)
Armour
 c - a +0 robe (worn)
 i - a +1 pair of gloves (worn)
 k - a +0 pair of boots (worn)
Jewellery
 j - a +3 ring of strength (left hand)
Wands
 l - a wand of random effects (28)
 m - a wand of clouds (3)
Scrolls
 e - a scroll of noise {unknown}
 f - a scroll of magic mapping
 g - a scroll of amnesia
 h - a scroll of teleportation
 n - a scroll of remove curse {unknown}
 o - a scroll of enchant armour {unknown}


   Skills:
 - Level 1.5 Dodging
 - Level 1.5 Stealth
 + Level 4.9 Spellcasting
   Level 0.7 Transmutations
 * Level 4.9 Earth Magic


You had 10 spell levels left.
You knew the following spells:

 Your Spells              Type           Power        Failure   Level  Hunger
a - Sandblast             Erth           ###...       1%          1    N/A
b - Stone Arrow           Conj/Erth      ##....       17%         3    N/A

Your spell library contained the following spells:

 Spells                   Type           Power        Failure   Level  Hunger
 Passwall                 Tmut/Erth      ##........   8%          2    N/A
 Lee's Rapid Deconstruct  Erth           ###.......   50%         5    N/A
 Petrify                  Tmut/Erth      ##......     43%         4    N/A

Dungeon Overview and Level Annotations

Branches:
Dungeon (3/15)

Altars:
Dithmenos


Innate Abilities, Weirdness & Mutations

You do not eat or drink.
Your flesh is vulnerable to fire.
You are immune to poison.
Your flesh is cold resistant. (rC+)
You are immune to negative energy. (rN+++)
You are immune to unholy pain and torment.
You can survive without breathing.


Message History

Casting: Sandblast (safe; 1% risk of failure)
Confirm with . or Enter, or press ? or * to list all spells.
Aiming: Sandblast (safe; 1% risk of failure)
Press: ? - help, Shift-Dir - straight line, f/p - orc priest
Aim: an orc priest, wielding a flail and wearing a scale mail (heavily wounded)
The blast of sand hits the orc priest.
The orc priest is almost dead.
b - 100 stones The orc priest hits you with a flail!
* * * LOW HITPOINT WARNING * * *
Casting: Sandblast (safe; 1% risk of failure)
Confirm with . or Enter, or press ? or * to list all spells.
Aiming: Sandblast (safe; 1% risk of failure)
Press: ? - help, Shift-Dir - straight line, f/p - orc priest
Aim: an orc priest, wielding a flail and wearing a scale mail (almost dead)
The blast of sand hits the orc priest.
The orc priest is almost dead.
b - 99 stones The orc priest hits you with a flail.
You die...

#.....###.# #.# #....%#
##'###. #.....# #.# #.##
#.....#####.###. #.....#
#.# #..#
##.............. #.....#
#+# ##.##
#..........###. #......
#..# #.####.....# #.
#..... ##.# #. #.....#
#. #.###. #.....# #.
#..# ####### #. # ##@#
#. ##'###o##+#### #.
.#.....†......# #.
.'............#########.
.#...)........##.....##.
#............##.....##.
##+####+#+#####........
###'####! #.# #<


You could see an orc priest.

Vanquished Creatures
  Grinder (D:3)
  Jessica (D:2)
  An adder (D:2)
  2 worms (D:2)
  A dart slug (D:1)
  A leopard gecko (D:2)
  11 bats
  2 giant cockroaches
  7 goblins
  3 hobgoblins
  2 jackals (D:3)
  3 kobolds
  A quokka (D:2)
  6 frilled lizards
  5 rats
47 creatures vanquished.

Notes
Turn   | Place    | Note
-------+----------+-------------------------------------------
     0 | D:1      | iamserjio the Mummy Earth Elementalist began the quest for the Orb.
     0 | D:1      | Reached XP level 1. HP: 13/13 MP: 4/4
   588 | D:1      | Reached XP level 2. HP: 18/19 MP: 6/6
  1388 | D:2      | Reached XP level 3. HP: 15/24 MP: 5/7
  2026 | D:2      | Noticed Jessica
  2044 | D:2      | Killed Jessica
  2044 | D:2      | Reached XP level 4. HP: 30/30 MP: 3/9
  2213 | D:3      | Noticed Grinder
  2228 | D:3      | Learned a level 3 spell: Stone Arrow
  2241 | D:3      | Killed Grinder
  2241 | D:3      | Reached XP level 5. HP: 7/35 MP: 0/12
  2241 | D:3      | Reached XP level 6. HP: 8/41 MP: 0/13
  2605 | D:3      | Found a shadowy altar of Dithmenos.
  2741 | D:3      | Slain by an orc priest

Vault maps used:
D:1:      onia_arrival_mini_maze, roderic_lattice_a, minmay_misc_feat_five,
          minmay_domino_4
D:2:      first_ration, uniq_jessica
D:3:      nicolae_overflow_crystal_walls, grunt_dithmenos_smoke_and_mirrors,
          lemuel_zombie_altar_yredelemnul, uniq_ijyb, uniq_grinder, uniq_sigmund

Skill      XL: |  1  2  3  4 |
---------------+-------------+-----
Spellcasting   | 3 4 |  4.9
Earth Magic    | 3 4 |  4.9
Dodging        | |  1.5
Stealth        | |  1.5
Transmutations | |  0.7

Action                   |  1- 3 |  4- 6 || total
-------------------------+-------+-------++-------
Melee: Club              |     6 |       ||     6
       Short sword       |    58 |    21 ||    79
 Cast: Sandblast         |    31 |    16 ||    47
  Use: Scroll            |       |     4 ||     4
 Stab: Sleeping          |     3 |       ||     3
Armor: Robe              |    33 |    12 ||    45
Dodge: Dodged            |    61 |    41 ||   102

Table legend:
 A = Spawn XP
 B = Non-spawn XP
 C = Spawn XP percentage of total XP
 D = Spawn monster count
 E = Non-spawn monster count
 F = Spawn count percentage of total count
 G = Total turns spent on level
                    A         B        C        D         E        F      G
               +---------+---------+-------+---------+---------+-------+---------
         Total |       0 |     412 |   0.0 |       0 |      47 |   0.0 |  2741
               +---------+---------+-------+---------+---------+-------+---------
           D:1 |       0 |      33 |   0.0 |       0 |      19 |   0.0 |  1331
           D:2 |       0 |      87 |   0.0 |       0 |      24 |   0.0 |   871
           D:3 |       0 |     292 |   0.0 |       0 |       4 |   0.0 |   539
               +---------+---------+-------+---------+---------+-------+---------
